 Dungeon Crawl Stone Soup version 0.24-a0-93-ge1bfdf8 (webtiles) character file.

Game seed: 3340270742621007255

34 MalarOregon the Poker (level 3, -3/29 HPs)
             Began as a Merfolk Fighter on Feb 10, 2019.
             Slain by a gnoll
             ... wielding a +0 club
              (6 damage)
             ... on level 2 of the Dungeon.
             The game lasted 00:02:25 (882 turns).

MalarOregon the Poker (Merfolk Fighter)              Turns: 882, Time: 00:02:26

Health: -3/29      AC:  7    Str: 16    XL:     3   Next: 31%
Magic:  3/3        EV:  7    Int:  8    God:
Gold:   92         SH:  9    Dex: 13    Spells: 2/2 levels left

rFire    . . .     SeeInvis .   a - +0 trident
rCold    + . .     Gourm    .   c - +0 shield
rNeg     . . .     Faith    .   b - +0 scale mail
rPois    +         Spirit   .   (no helmet)
rElec    .         Reflect  .   (no cloak)
rCorr    .         Harm     .   h - +0 pair of gloves
MR       .....                  (no boots)
Stlth    ..........             (no amulet)
HPRegen  0.09/turn              o - ring of protection from cold
MPRegen  0.08/turn              m - ring of poison resistance

@: no status effects
A: change form in water, swift swim, stealthy swim
a: no special abilities


You were on level 2 of the Dungeon.
You were not hungry.

You visited 1 branch of the dungeon, and saw 2 of its levels.

You collected 92 gold pieces.

Inventory:

Hand Weapons
 a - a +0 trident (weapon)
Armour
 b - a +0 scale mail (worn)
 c - a +0 shield (worn)
 h - a +0 pair of gloves (worn)
   (You found it on level 1 of the Dungeon)
Jewellery
 i - an uncursed ring of protection from fire
   (You found it on level 1 of the Dungeon)
 m - a ring of poison resistance (right hand)
   (You found it on level 1 of the Dungeon)
 o - a ring of protection from cold (left hand)
   (You found it on level 2 of the Dungeon)
 z - an uncursed ring of see invisible
   (You found it on level 1 of the Dungeon)
Wands
 u - a wand of paralysis (3)
   (You found it on level 2 of the Dungeon)
Scrolls
 f - a scroll of enchant weapon {unknown}
 g - 2 scrolls of teleportation {unknown}
 j - 2 scrolls of identify {@r1}
 n - a scroll of amnesia {unknown}
 p - a scroll of remove curse {unknown}
Potions
 d - a potion of might
 k - a potion of brilliance
 l - a potion of curing {@q1}
Comestibles
 e - a ration {!d}
 q - 2 chunks of flesh


   Skills:
 - Level 3.2 Fighting
 + Level 4.3 Polearms
 - Level 2.1 Armour
 + Level 3.7 Shields


You had 2 spell levels left.
You didn't know any spells.
Your spell library was empty.

Dungeon Overview and Level Annotations

Branches:
Dungeon (2/15)

Altars:


Message History

Aim: a gnoll, wielding a +0 spear You reach to attack!
You barely miss the gnoll. The gnoll hits you but does no damage.
Attack whom?
Aim: a gnoll, wielding a +0 spear You reach to attack!
You hit the gnoll. The gnoll hits you but does no damage.
The gnoll hits you from afar with a +0 spear.
Attack whom?
Aim: a gnoll, wielding a +0 spear (heavily wounded)
You reach to attack!
You hit the gnoll but do no damage. The gnoll hits you but does no damage.
Attack whom?
Aim: a gnoll, wielding a +0 spear (moderately wounded)
You reach to attack!
Your shield and scale mail prevent you from hitting the gnoll.
You block the gnoll's attack.
Attack whom?
Aim: a gnoll, wielding a +0 spear (moderately wounded)
You reach to attack!
You barely miss the gnoll.
The gnoll hits you from afar with a +0 spear!
Attack whom?
Aim: a gnoll, wielding a +0 spear (moderately wounded)
You reach to attack!
You barely miss the gnoll. The gnoll barely misses you.
A gnoll comes into view. It is wielding a +0 club.
You block the gnoll's attack.
Attack whom?
Aim: a gnoll, wielding a +0 spear (moderately wounded)
You reach to attack!
The gnoll shouts!
You hit the gnoll.
You hear a shout!
You hear an angry hiss.
You block the gnoll's attack.
Attack whom?
Aim: a gnoll, wielding a +0 spear (severely wounded)
You reach to attack!
You puncture the gnoll!
You kill the gnoll!
The gnoll throws a throwing net.
The throwing net hits you.
You become entangled in the net!
You tear a large gash into the net.
The gnoll barely misses you.
You struggle against the net.
The gnoll hits you but does no damage. The gnoll hits you with a +0 club!
* * * LOW HITPOINT WARNING * * *
You struggle against the net.
The gnoll hits you but does no damage. x2
You shred the net and break free! The gnoll barely misses you.
The gnoll completely misses you.
You hit the gnoll.
The gnoll hits you from afar with a +0 halberd!
* * * LOW HITPOINT WARNING * * *
The gnoll hits you with a +0 club.
You die...

#....##.# #.###.######
#..#.##.#########.###.#
#.......#.............######
#.##.##.#.####..#.##..>......
#. #......####..#.##...###..#
#. ####.#.##......)....# #.
#.#.........##.#.#
..#.##.#..####.#.##
####.......@g.......
###...####g...... #...#
..####.. #...# ).# #...# ..#
#...# .g# .... ..g ...


You could see 2 gnolls.

Vanquished Creatures
  A gnoll (D:2)
  A dart slug (D:1)
  A leopard gecko (D:1)
  A bat (D:1)
  2 giant cockroaches (D:1)
  A goblin (D:1)
  6 hobgoblins
  2 jackals (D:1)
  2 frilled lizards (D:2)
  2 kobolds (D:1)
19 creatures vanquished.

Notes
Turn   | Place    | Note
-------+----------+-------------------------------------------
     0 | D:1      | MalarOregon the Merfolk Fighter began the quest for the
                  | Orb.
     0 | D:1      | Reached XP level 1. HP: 18/18 MP: 1/1
   164 | D:1      | Reached XP level 2. HP: 24/24 MP: 2/2
   376 | D:1      | Reached skill level 4 in Polearms
   818 | D:2      | Reached XP level 3. HP: 29/29 MP: 3/3
   882 | D:2      | Slain by a gnoll

Levels and vault maps discovered:
D:1:      lemuel_arrival_lava_pool, layout_basic, st_stairs_13
D:2:      layout_loops_cross

Skill      XL: |  1  2 |
---------------+-------+-----
Polearms       | 4 |  4.3
Fighting       | |  3.2
Armour         | |  2.1
Shields        | |  3.7

Action                   || total
-------------------------++-------
Melee: Trident           ||    58
  Use: Scroll            ||     2
Armor: Scale mail        ||    21
Dodge: Dodged            ||    11
Block: Shield            ||    17

Table legend:
 A = Non-vault XP
 B = Vault XP
 C = Vault XP percentage of total XP
 D = Non-vault monster count
 E = Vault monster count
 F = Vault count percentage of total count
                 A         B        C        D         E       F
            +---------+---------+-------+---------+---------+-------
      Total |      46 |       3 |   6.1 |      18 |       1 |   5.3
            +---------+---------+-------+---------+---------+-------
        D:1 |      28 |       3 |   9.7 |      14 |       1 |   6.7
        D:2 |      18 |       0 |   0.0 |       4 |       0 |   0.0
            +---------+---------+-------+---------+---------+-------
